 Dungeon Crawl Stone Soup version 0.21.1-1-g345015f (webtiles) character file.

303 kae the Insei (level 6, 0/61 HPs)
             Began as an Octopode Transmuter on May 25, 2018.
             Succumbed to Ijyb's poison
             ... on level 3 of the Dungeon.
             The game lasted 00:04:11 (3227 turns).

kae the Insei (Octopode Transmuter)                 Turns: 3227, Time: 00:04:12

Health: 0/61       AC: 23    Str: 14    XL:     6   Next: 38%
Magic:  10/10      EV:  2    Int: 16    God:
Gold:   197        SH:  3    Dex: 14    Spells: 4/10 levels left

rFire    + . .     SeeInvis .     - Unarmed
rCold    + . .     Gourm    .   (no shield)
rNeg     + + +     Faith    .   (helmet currently unavailable)
rPois    +         Spirit   .   m - +3 amulet of reflection
rElec    +         Reflect  +   (no ring)
rCorr    +         Harm     .   (no ring)
MR       .....     NoTele   +   (no ring)
Stlth    +.........             (no ring)
HPRegen  0.20/turn              (no ring)
MPRegen  0.12/turn              (no ring)
                                (no ring)
                                (no ring)

@: mighty, lethally poisoned (0 -> -1), tree-form (expiring), resistant, berserk
cooldown, hasted and slowed
A: almost no armour, stealthy swim, (amphibious), 8 rings, (constrict 8)
a: no special abilities


You were on level 3 of the Dungeon.
You were not hungry.
You were a tree.
You visited 1 branch of the dungeon, and saw 3 of its levels.

You collected 197 gold pieces.

Inventory:

Missiles
 a - 60 arrows
Jewellery
 m - a +3 amulet of reflection (around neck)
 s - a +4 ring of dexterity {unknown}
Scrolls
 e - a scroll of noise {unknown}
 h - 2 scrolls of teleportation {unknown}
 j - 2 scrolls of enchant weapon {unknown}
 n - 2 scrolls of remove curse {unknown}
 o - 2 scrolls of identify
 r - a scroll of enchant armour {unknown}
Potions
 i - 2 potions of magic
 k - 2 potions of lignification
Books
 b - a book of Changes

   Spells                             Type                      Level
   a - Beastly Appendage              Transmutation                1
   b - Sticks to Snakes               Transmutation                2
   c - Spider Form                    Transmutation/Poison         3
   d - Ice Form                       Ice/Transmutation            4
   e - Blade Hands                    Transmutation                5
Comestibles
 c - 2 rations


   Skills:
 + Level 2.5 Fighting
 - Level 2.0 Dodging
 * Level 4.7 Unarmed Combat
 + Level 2.9 Spellcasting
 * Level 4.1 Transmutations


You had 4 spell levels left.
You knew the following spells:

 Your Spells              Type           Power        Failure   Level  Hunger
a - Beastly Appendage     Tmut           ###...       3%          1    #......
b - Sticks to Snakes      Tmut           ###.....     5%          2    ##.....
c - Spider Form           Tmut/Pois      #.........   24%         3    ###....


Dungeon Overview and Level Annotations

Branches:
Dungeon (3/15)

Altars:
Gozag
Qazlal
Uskayaw
Yredelemnul


Innate Abilities, Weirdness & Mutations

You cannot wear most types of armour.
You are very stealthy in the water. (Stealth+)
((You are amphibious.))
You can wear up to eight rings at the same time.
((You can use your tentacles to constrict eight enemies at once.))
((Your skin changes colour to match your surroundings (Stealth+).))
((Your rubbery body absorbs attacks. (AC +1, EV +1)))


Message History

* * * LOW HITPOINT WARNING * * *
You feel sick.
* * * LOW HITPOINT WARNING * * *
You feel sick.
* * * LOW HITPOINT WARNING * * *
You feel sick.
Okay, then.
Okay, then.
You are stuck in your current form!
You are stuck in your current form!
There is a lethal amount of poison in your body!
There is a lethal amount of poison in your body!
There is a lethal amount of poison in your body!
Your transformation is almost over.
All of the chunks of flesh in your inventory have rotted away.
* * * LOW HITPOINT WARNING * * *
You feel sick.
* * * LOW HITPOINT WARNING * * *
You feel sick.
You die...

#≈≈≈).#...#..#...#
≈≈#########..#...#
≈≈# .........#(..#
..+ .......).#...#
..+ .......†.#...#
..+ .........#...#
≈≈# ........(#...#
≈≈# #######..##')#
#≈≈ #.....♣#
+......# #......#
########


There were no monsters in sight!

Vanquished Creatures
  An orc priest (D:3)
  Ijyb (D:3)
  Robin (D:3)
  4 gnolls (D:3)
  4 adders
  3 oozes
  2 worms
  A dart slug (D:1)
  5 leopard geckos
  16 orcs (D:3)
  A ball python (D:3)
  5 giant cockroaches
  20 goblins
  11 hobgoblins
  8 jackals
  2 quokkas (D:2)
  10 bats
  6 frilled lizards
  A jackal zombie (D:3)
  9 kobolds
  5 rats
116 creatures vanquished.

Notes
Turn   | Place    | Note
-------+----------+-------------------------------------------
     0 | D:1      | kae the Octopode Transmuter began the quest for the Orb.
     0 | D:1      | Reached XP level 1. HP: 13/13 MP: 3/3
   292 | D:1      | Reached XP level 2. HP: 18/18 MP: 5/5
   579 | D:1      | Reached XP level 3. HP: 21/23 MP: 6/6
  1045 | D:2      | Found a stormy altar of Qazlal.
  1195 | D:2      | Reached XP level 4. HP: 28/28 MP: 5/7
  1734 | D:2      | Found a hide-covered altar of Uskayaw.
  1738 | D:2      | Found a basalt altar of Yredelemnul.
  1749 | D:2      | Learned a level 2 spell: Sticks to Snakes
  1753 | D:2      | Learned a level 3 spell: Spider Form
  2214 | D:3      | Found an opulent altar of Gozag.
  2251 | D:3      | Reached XP level 5. HP: 31/34 MP: 6/8
  2361 | D:3      | Noticed Robin
  2375 | D:3      | Killed Robin
  2939 | D:3      | Reached XP level 6. HP: 40/40 MP: 10/10
  3004 | D:3      | Found a faded altar of an unknown god.
  3177 | D:3      | Noticed Ijyb
  3196 | D:3      | Killed Ijyb
  3217 | D:3      | HP: 3/61 [poisoned by Ijyb]
  3223 | D:3      | HP: 2/61 [poisoned by Ijyb]
  3227 | D:3      | Succumbed to Ijyb's poison

Skill      XL: |  1  2  3  4  5  6 |
---------------+-------------------+-----
Transmutations | 3 4 |  4.1
Fighting       | 2 |  2.5
Unarmed Combat | 4 |  4.7
Dodging        | |  2.0
Spellcasting   | |  2.9

Action                   |  1- 3 |  4- 6 || total
-------------------------+-------+-------++-------
Melee: Unarmed           |    92 |   186 ||   278
       Constrict         |    24 |    37 ||    61
       Kick              |    13 |    16 ||    29
       Punch             |     3 |     3 ||     6
       Tentacles         |    14 |    19 ||    33
 Cast: Beastly Appendage |    11 |    14 ||    25
       Spider Form       |       |     6 ||     6
  Use: Scroll            |     2 |       ||     2
       Potion            |       |     9 ||     9
 Stab: Sleeping          |     7 |     7 ||    14
  Eat: Chunk             |     1 |     4 ||     5
       Ration            |       |     1 ||     1
Armor: Skin              |    14 |    14 ||    28
Dodge: Dodged            |    71 |   137 ||   208
Block: Other             |     2 |    17 ||    19
       Reflection        |       |     1 ||     1
